 Dungeon Crawl Stone Soup version 0.25-b1-39-g0d900da (webtiles) character file.

Game seed: 13011834530425876099

234 Balder the Covered (level 6, -1/38 HPs)
             Began as a Gargoyle Fighter on June 6, 2020.
             Slain by a bullfrog (4 damage)
             ... in a sewer on June 7, 2020.
             The game lasted 00:11:35 (3021 turns).

Balder the Covered (Gargoyle Fighter)               Turns: 3021, Time: 00:11:36

Health: -1/38      AC: 12    Str: 16 (19) XL:     6   Next: 5%
Magic:  6/6        EV:  4    Int:  8 (9)  God:
Gold:   95         SH:  9    Dex:  9 (11) Spells: 5/5 levels left

rFire    . . .     SeeInvis .   a - +0 flail
rCold    . . .     Gourm    .   c - +0 kite shield
rNeg     + . .     Faith    .   b - +0 scale mail
rPois    ∞         Spirit   .   g - +0 helmet
rElec    +         Reflect  .   (no cloak)
rCorr    .         Harm     .   (no gloves)
MR       .....                  (no boots)
Stlth    ..........             (no amulet)
HPRegen  0.12/turn              (no ring)
MPRegen  0.10/turn              (no ring)

@: stab, constricted
A: negative energy resistance 1, electricity resistance, unbreathing,
petrification resistance, rot immunity, AC +4
a: no special abilities


You were in a sewer.
You were not hungry.

You visited 1 branch of the dungeon, and saw 3 of its levels.
You also visited: Sewer.

You collected 95 gold pieces.

Inventory:

Hand Weapons
 a - a +0 flail (weapon)
 s - a +1 antimagic spear
Armour
 b - a +0 scale mail (worn)
 c - a +0 kite shield (worn)
 g - a +0 helmet (worn)
Scrolls
 i - 3 scrolls of remove curse
 j - a scroll of random uselessness {unknown}
 n - 2 scrolls of magic mapping {unknown}
 o - 2 scrolls of blinking {unknown}
 p - 2 scrolls of enchant weapon {unknown}
 q - 2 scrolls of identify
 r - a scroll of amnesia {unknown}
 v - a scroll of teleportation {unknown}
 w - a scroll of immolation {unknown}
 y - 2 scrolls of fog {unknown}
 z - a scroll of fear {unknown}
Potions
 d - a potion of magic
 h - a potion of mutation {unknown}
 k - a potion of haste {unknown}
 l - a potion of stabbing
 m - a potion of curing {unknown}
 u - a potion of ambrosia {unknown}
 x - 2 potions of brilliance {unknown}
Comestibles
 f - 4 rations
 t - a chunk of flesh


   Skills:
 * Level 3.6 Fighting
 * Level 3.7 Maces & Flails
 * Level 1.4 Throwing
 * Level 4.2 Armour
 * Level 1.0 Dodging
 * Level 1.8 Stealth
 * Level 4.2 Shields


You had 5 spell levels left.
You didn't know any spells.
Your spell library was empty.

Dungeon Overview and Level Annotations

Branches:
Dungeon (3/15)              Sewer (1/1)

Altars:
Makhleb
Vehumet


Innate Abilities, Weirdness & Mutations

You are resistant to torment.
Your stone body is resilient. (AC +4)
You are immune to poison.
You resist negative energy. (rN+)
You are resistant to electric shocks. (rElec)
You can survive without breathing.
You are immune to petrification.
You are immune to rotting.


Message History

* * * LOW HITPOINT WARNING * * *
The ball python barely misses you. The ooze barely misses you.
The bullfrog hits you but does no damage.
You block the ball python's attack. The ball python constricts you.
The bullfrog hits you but does no damage.
The ball python bites you.
* * * LOW HITPOINT WARNING * * *
As you read the scroll labeled TAUNUT ODILURGH, it crumbles to dust.
It is a scroll of identify.
i - 3 scrolls of remove curse You block the bullfrog's attack.
The ooze hits you but does no damage.
The bullfrog hits you but does no damage.
You block the ball python's attack. The ball python constricts you.
The ball python bites you but does no damage.
You block the bullfrog's attack.
It was a potion of degeneration.
There was something very wrong with that liquid.
You feel weakened.
You feel dopey.
You feel clumsy. The bullfrog hits you.
You die...

.....# #....
≈≈≈..# #....
## ≈≈≈≈≈#
#≈≈#≈ ≈#
≈≈≈≈≈# #≈≈≈≈
≈# ≈≈≈≈≈#
#≈≈≈≈≈≈#
≈≈≈≈≈#
#≈≈≈≈≈≈#
≈≈≈≈≈#
#≈≈≈≈#J#
≈≈≈≈≈#
#≈≈≈FJ≈#
≈≈≈≈≈#
#≈≈≈F@≈#
≈..≈≈#
#≈≈≈SS≈#
÷([≈≈#
#≈≈≈≈≈≈#
..≈.≈#
#≈≈≈≈#≈#
≈≈≈≈≈#
#≈≈≈≈≈≈#
≈≈≈≈≈#
#≈≈≈≈≈≈#
≈≈≈≈≈#
#≈≈≈≈≈≈#
≈≈≈≈≈#
#≈≈≈≈≈≈#
≈≈≈≈≈#
#####≈≈≈≈≈≈#


You could see 2 bullfrogs, 2 oozes and 2 ball pythons.

Vanquished Creatures
  Natasha (thrice) (D:2)
  9 adders
  A river rat (Sewer)
  3 worms (D:2)
  2 dart slugs
  A leopard gecko (D:1)
  4 bats
  2 giant cockroaches
  2 goblins
  3 hobgoblins
  5 kobolds
  6 ball pythons (Sewer)
  6 frilled lizards
  31 rats
78 creatures vanquished.

Notes
Turn   | Place    | Note
-------+----------+-------------------------------------------
     0 | D:1      | Balder the Gargoyle Fighter began the quest for the Orb.
     0 | D:1      | Reached XP level 1. HP: 14/14 MP: 1/1
   500 | D:1      | Reached XP level 2. HP: 17/19 MP: 2/2
   664 | D:1      | Upgraded the game from 0.25-b1-37-g2669288 to
                  | 0.25-b1-39-g0d900da
  1127 | D:2      | Found a burning altar of Makhleb.
  1128 | D:2      | Found a radiant altar of Vehumet.
  1131 | D:2      | Reached XP level 3. HP: 23/23 MP: 3/3
  1252 | D:2      | Noticed Natasha
  1264 | D:2      | Killed Natasha
  1264 | D:2      | Reached skill level 1 in Stealth
  1508 | D:2      | Noticed Natasha
  1523 | D:2      | Killed Natasha
  1523 | D:2      | Reached skill level 1 in Throwing
  1523 | D:2      | Reached XP level 4. HP: 20/28 MP: 4/4
  1582 | D:2      | Noticed Natasha
  1592 | D:2      | Killed Natasha
  1592 | D:2      | Reached XP level 5. HP: 17/32 MP: 5/5
  2423 | D:3      | Found a glowing drain.
  2439 | Sewer    | Entered a sewer
  3007 | Sewer    | Reached XP level 6. HP: 37/37 MP: 6/6
  3011 | Sewer    | Reached skill level 1 in Dodging
  3021 | Sewer    | Slain by a bullfrog

Illustrated notes

Levels and vault maps discovered:
D:1:      dpeg_cavernosity, layout_basic, minmay_pentomino_s2
D:2:      layout_basic, chequers_temple_overflow_statue_of_worship, uniq_natasha
D:3:      layout_loops_cross, portal_sewer_entry_d, minmay_quadrilaterals,
          uniq_terence, uniq_sigmund, uniq_ijyb
Sewer:    sewer_minmay_w

Skill      XL: |  1  2  3  4  5  6 |
---------------+-------------------+-----
Stealth        | 1 |  1.8
Throwing       | 1 |  1.4
Maces & Flails | 3 |  3.7
Armour         | 4 |  4.2
Shields        | 4 |  4.2
Dodging        | 1 |  1.0
Fighting       | |  3.6

Action                   |  1- 3 |  4- 6 || total
-------------------------+-------+-------++-------
Melee: Flail             |   106 |   224 ||   330
  Use: Potion            |       |     4 ||     4
       Scroll            |       |     1 ||     1
  Eat: Chunk             |     2 |     6 ||     8
Armor: Scale mail        |    55 |   232 ||   287
Dodge: Dodged            |    29 |   125 ||   154
Block: Kite shield       |    57 |   158 ||   215
